 Dungeon Crawl Stone Soup version 0.23.2-40-g277498a001 (webtiles) character file.

Game seed: 15219358151109836897

8624 FishyPogo the Fighter (level 11, -6/154 HPs)
             Began as a Minotaur Gladiator on Aug 15, 2019.
             Was a High Priest of Okawaru.
             Mangled by Harold
             ... wielding a +2 halberd of venom
              (12 damage)
             ... on level 10 of the Dungeon.
             The game lasted 00:41:31 (9477 turns).

FishyPogo the Fighter (Minotaur Gladiator)          Turns: 9477, Time: 00:41:34

Health: -6/154     AC: 25    Str: 22 (25) XL:     11   Next: 12%
Magic:  12/12      EV:  2    Int:  4 (5)  God:    Okawaru [*****.]
Gold:   714        SH:  5    Dex: 13 (14) Spells: 8/10 levels left

rFire    . . .     SeeInvis .   a - +4 short sword
rCold    . . .     Gourm    .   g - +0 buckler
rNeg     + + +     Faith    .   (armour currently unavailable)
rPois    +         Spirit   .   (helmet currently unavailable)
rElec    .         Reflect  .   (cloak currently unavailable)
rCorr    .         Harm     .   (gloves currently unavailable)
MR       .....     NoTele   +   (boots currently unavailable)
Stlth    +.........             (no amulet)
HPRegen  0.35/turn              A - ring of positive energy
MPRegen  0.13/turn              s - +4 ring of evasion

@: mighty, lethally poisoned (-6 -> -32), tree-form
A: (retaliatory headbutt), blurry vision 1
a: Heroism, Finesse, Renounce Religion


You were on level 10 of the Dungeon.
You worshipped Okawaru.
Okawaru was extremely pleased with you.
You were not hungry.
You were a tree.
You visited 2 branches of the dungeon, and saw 11 of its levels.

You collected 714 gold pieces.

Inventory:

Hand Weapons
 a - a +4 short sword (weapon)
Missiles
 d - 2 throwing nets
 l - 185 stones (quivered)
 u - 4 silver tomahawks
 y - 3 poisoned tomahawks
 C - 3 tomahawks
Armour
 b - the +0 robe of Araifiy (melded) {rElec MR++ Slay+5}
   (Okawaru gifted it to you on level 9 of the Dungeon)

   It affects your accuracy and damage with ranged weapons and melee attacks
   (+5).
   It insulates you from electricity.
   It affects your resistance to hostile enchantments.
 c - a +0 hat (melded)
 g - a +0 buckler (worn)
 t - a +0 cloak (melded)
 v - a +3 chain mail of poison resistance
 B - a +3 leather armour of fire resistance
Jewellery
 q - an uncursed ring of poison resistance
 s - a +4 ring of evasion (right branch)
 A - a ring of positive energy (left branch)
Wands
 n - a wand of digging (2)
 z - a wand of acid (8)
Scrolls
 h - 2 scrolls of teleportation
 j - 8 scrolls of identify
 m - 5 scrolls of amnesia {unknown}
 w - a scroll of blinking
 D - a scroll of remove curse
 G - a scroll of magic mapping
 I - a scroll of enchant armour
Potions
 i - a potion of agility
 k - 2 potions of flight {unknown}
 o - 4 potions of curing
 p - 5 potions of degeneration
 r - a potion of lignification
Comestibles
 f - 21 rations
 x - 6 chunks of flesh


   Skills:
 * Level 11.6 Fighting
 - Level 3.2(4.0) Short Blades
   Level 4.0(4.6) Long Blades
 + Level 6.7 Throwing
 * Level 5.5 Armour
 + Level 10.3 Dodging
 - Level 4.0 Shields
 * Level 1.3 Translocations
 + Level 3.8 Invocations
 + Level 3.4 Evocations


You had 8 spell levels left.
You knew the following spells:

 Your Spells              Type           Power        Failure   Level  Hunger
a - Blink                 Tloc           N/A          45%         2    ###....

Your spell library contained the following spells:

 Spells                   Type           Power        Failure   Level  Hunger
 Apportation              Tloc           #.....       34%         1    ##.....
 Animate Skeleton         Necr           N/A          50%         1    ##.....
 Confusing Touch          Hex            #.....       50%         1    ##.....
 Magic Dart               Conj           #...         50%         1    ##.....
 Summon Small Mammal      Summ           #...         50%         1    ##.....
 Call Imp                 Summ           #.......     65%         2    ###....
 Slow                     Hex            #.......     65%         2    ###....
 Conjure Flame            Conj/Fire      #.......     86%         3    ####...
 Mephitic Cloud           Conj/Pois/Air  #.......     86%         3    ####...


Dungeon Overview and Level Annotations

Branches:
Dungeon (10/15)            Temple (1/1) D:5            Lair (0/6) D:8
    Orc: D:9-12

Altars:
Ashenzari
Cheibriados
Dithmenos
Elyvilon
Fedhas
Gozag
Hepliaklqana
Kikubaaqudgha
Makhleb
Nemelex Xobeh
Okawaru
Qazlal
Ru
Sif Muna
Trog
Uskayaw
Vehumet
Wu Jian
Xom
Yredelemnul
Zin
The Shining One
Lugonu

Annotations:
D:9 2 transporters
D:10 1 exclusion, Harold, Joseph


Innate Abilities, Weirdness & Mutations

((You reflexively headbutt those who attack you in melee.))
((You have a pair of horns on your head.))
Scrolls take you a little longer to read.
((Your flesh is cold resistant. (rC+)))


Message History

The +0 robe of Araifiy {rElec MR++ Slay+5} melds into your body.
Your roots penetrate the ground.
* * * LOW HITPOINT WARNING * * *
You feel very sick. The centaur barely misses you.
Harold hits you from afar with a +2 halberd of venom.
* * * LOW HITPOINT WARNING * * *
You are more poisoned.
The centaur hits you but does no damage.
It was a potion of magic.
Magic courses through your body.
* * * LOW HITPOINT WARNING * * *
You feel very sick.
The centaur hits you but does no damage.
It was a potion of might.
You feel very mighty all of a sudden.
* * * LOW HITPOINT WARNING * * *
You feel very sick. You block the centaur's attack.
Harold hits you from afar with a +2 halberd of venom!
You die...

#.$ # ... .###.. .....
. #... ... .§. ### ≈≈≈
..>..#s#######.## ...
......@c§§.....># ##.
######§#♣.......# ##..
#c#§#####..# .... #.#.#
#..# #... .c#.# #..# .
# ..#.# #..# ##.. #.
#..#.# #..# ....
≈.#.######.#####..#
....
≈.≈...............#
##.#
#.........##)##########


You could see Harold, a centaur and a scorpion.

Vanquished Creatures
  A two-headed ogre (D:8)
  A deep elf mage (D:10)
  2 trolls
  4 slime creatures (D:7)
  A spriggan (D:10)
  6 yaks (D:9)
  A basilisk (D:7)
  2 hungry ghosts
  A water moccasin (D:6)
  4 porcupines
  Duvessa (D:5)
  3 black bears
  An ice beast (D:7)
  6 sky beasts
  An eye of draining (D:10)
  An orc warrior (D:7)
  A necrophage (D:10)
  3 centaurs
  4 ogres
  3 wolves (D:8)
  4 crocodiles
  4 bullfrogs
  Dowan (D:5)
  2 scorpions
  6 killer bees
  A howler monkey (D:9)
  A bullfrog zombie (D:6)
  6 crimson imps
  3 jellies
  3 centaur zombies
  4 orc wizards
  4 orc priests
  5 hounds
  2 iguanas
  Natasha (thrice) (D:3)
  8 worker ants
  4 gnolls (D:6)
  6 adders
  An ooze (D:1)
  3 adder skeletons
  An adder zombie (D:5)
  3 worms
  A dart slug (D:1)
  5 leopard geckos
  37 orcs
  11 giant cockroaches
  12 goblins
  6 hobgoblins
  11 jackals
  7 quokkas
  A ball python (D:2)
  7 bats
  3 frilled lizards
  13 kobolds
  A quokka skeleton (D:9)
  8 rats
245 creatures vanquished.

Vanquished Creatures (collateral kills)
  An ogre (D:10)
1 creature vanquished.

Vanquished Creatures (others)
  A fungus (D:8)
  6 toadstools (D:5)
7 creatures vanquished.

Grand Total: 253 creatures vanquished

Notes
Turn   | Place    | Note
-------+----------+-------------------------------------------
     0 | D:1      | FishyPogo the Minotaur Gladiator began the quest for the
                  | Orb.
     0 | D:1      | Reached XP level 1. HP: 18/18 MP: 0/0
    81 | D:1      | Reached skill level 1 in Shields
   120 | D:1      | Reached XP level 2. HP: 22/25 MP: 1/1
   472 | D:1      | Reached XP level 3. HP: 28/30 MP: 2/2
   712 | D:2      | Reached skill level 3 in Fighting
   934 | D:3      | Noticed Natasha
   945 | D:3      | Killed Natasha
   945 | D:3      | Reached XP level 4. HP: 19/38 MP: 3/3
  1150 | D:3      | Noticed a centaur
  1163 | D:3      | Killed a centaur
  1163 | D:3      | Reached XP level 5. HP: 26/46 MP: 4/4
  1403 | D:3      | Noticed Natasha
  1420 | D:3      | Killed Natasha
  1420 | D:3      | Reached skill level 4 in Fighting
  1727 | D:3      | Reached XP level 6. HP: 53/53 MP: 5/5
  1830 | D:3      | Noticed Natasha
  1846 | D:3      | Killed Natasha
  1846 | D:3      | Reached skill level 1 in Short Blades
  2412 | D:4      | Reached skill level 5 in Fighting
  2412 | D:4      | Reached skill level 5 in Dodging
  3123 | D:5      | Entered Level 5 of the Dungeon
  3153 | D:5      | Found a staircase to the Ecumenical Temple.
  3177 | Temple   | Entered the Ecumenical Temple
  3366 | Temple   | Became a worshipper of Warmaster Okawaru
  3428 | D:5      | Reached XP level 7. HP: 61/61 MP: 6/6
  3475 | D:5      | Noticed Duvessa
  3475 | D:5      | Noticed Dowan
  3500 | D:5      | Killed Duvessa
  3504 | D:5      | Killed Dowan
  3577 | D:5      | Reached skill level 6 in Fighting
  3788 | D:5      | Reached * piety under Okawaru
  3790 | D:5      | Found an iron altar of Okawaru.
  4164 | D:6      | Reached XP level 8. HP: 46/71 MP: 7/7
  4690 | D:6      | Reached skill level 7 in Fighting
  5210 | D:6      | Reached ** piety under Okawaru
  5357 | D:7      | Reached skill level 8 in Fighting
  5541 | D:7      | Reached XP level 9. HP: 70/82 MP: 8/8
  5976 | D:8      | Noticed a troll
  5977 | D:8      | Reached skill level 9 in Fighting
  5977 | D:8      | Reached skill level 5 in Throwing
  5985 | D:8      | Killed a troll
  5985 | D:8      | Reached *** piety under Okawaru
  6626 | D:7      | Reached skill level 1 in Invocations
  6626 | D:7      | Reached skill level 1 in Evocations
  6771 | D:7      | Reached **** piety under Okawaru
  6774 | D:8      | Reached skill level 10 in Fighting
  7009 | D:8      | Received a gift from Okawaru
  7015 | D:8      | Reached XP level 10. HP: 50/93 MP: 10/10
  7249 | D:7      | Reached skill level 1 in Armour
  7836 | D:8      | Found a staircase to the Lair.
  8102 | D:8      | Noticed a two-headed ogre
  8112 | D:8      | Killed a two-headed ogre
  8112 | D:8      | Reached ***** piety under Okawaru
  8112 | D:8      | Reached skill level 10 in Dodging
  8210 | D:9      | Gained mutation: Scrolls take you a little longer to read.
                  | [potion of mutation]
  8210 | D:9      | Gained mutation: Your flesh is cold resistant. (rC+)
                  | [potion of mutation]
  8221 | D:9      | Reached skill level 11 in Fighting
  8247 | D:9      | Received a gift from Okawaru
  8250 | D:9      | Got a crude robe {god gift}
  8261 | D:9      | Identified the +0 robe of Araifiy {rElec MR++ Slay+5}
                  | (Okawaru gifted it to you on level 9 of the Dungeon)
  8294 | D:9      | Found a burning altar of Makhleb.
  8339 | D:9      | Found a transporter.
  8340 | D:9      | Found a corrupted altar of Lugonu.
  8391 | D:9      | Noticed a green ugly thing
  8391 | D:9      | Noticed a purple ugly thing
  8411 | D:9      | Learned a level 2 spell: Blink
  8556 | D:9      | Noticed a purple ugly thing
  8605 | D:9      | Found a transporter.
  8605 | D:9      | Noticed a cyan ugly thing
  8823 | D:9      | Reached skill level 5 in Armour
  8901 | D:9      | Noticed a wolf spider
  8930 | D:10     | Entered Level 10 of the Dungeon
  9130 | D:10     | Noticed Joseph
  9204 | D:10     | Reached XP level 11. HP: 90/102 MP: 1/12
  9258 | D:10     | Reached skill level 1 in Translocations
  9271 | D:10     | Noticed a deep elf mage
  9294 | D:10     | Killed a deep elf mage
  9461 | D:10     | Noticed Harold
  9474 | D:10     | Identified a scroll of acquirement
  9477 | D:10     | HP: 6/154 [poisoned by Harold]
  9477 | D:10     | Mangled by Harold

Skill      XL: |  1  2  3  4  5  6  7  8  9 10 11 |
---------------+----------------------------------+-----
Shields        | 1 2 3 4 |  4.0
Long Blades    | 4 |  4.0
Fighting       | 3 4 5 6 8 10 11 | 11.6
Dodging        | 4 5 6 8 9 10 | 10.3
Short Blades   | 1 3 |  3.2
Throwing       | 3 4 5 6 |  6.7
Invocations    | 2 3 |  3.8
Evocations     | 1 3 |  3.4
Armour         | 5 |  5.5
Translocations | 1 |  1.3

Action                   |  1- 3 |  4- 6 |  7- 9 | 10-12 || total
-------------------------+-------+-------+-------+-------++-------
Melee: Long sword        |    76 |       |       |       ||    76
       Headbutt          |    11 |    16 |    96 |    45 ||   168
       Short sword       |     9 |   109 |   391 |   206 ||   715
Throw: Stone             |    11 |    23 |    92 |    30 ||   156
       Tomahawk          |       |       |     3 |     3 ||     6
       Throwing net      |       |       |       |     1 ||     1
Invok: Heroism           |       |       |       |     1 ||     1
  Use: Scroll            |       |       |     9 |     5 ||    14
       Potion            |       |       |       |     8 ||     8
 Stab: Sleeping          |       |     2 |       |       ||     2
       Invisible         |       |       |       |     5 ||     5
  Eat: Chunk             |       |     8 |    11 |    10 ||    29
Armor: Leather armour    |    11 |    14 |    52 |    13 ||    90
       Robe              |       |       |       |     5 ||     5
       Skin              |       |       |       |     2 ||     2
Dodge: Dodged            |    75 |    72 |   217 |   158 ||   522
Block: Buckler           |       |    19 |    69 |    46 ||   134
       Rpst.: Long sword |    22 |       |       |       ||    22
